 Dungeon Crawl Stone Soup version 0.31-a0-369-g8eba5f6939 (webtiles) character file.

Game seed: 13770297543107053161

134 Gelion the Changeling (level 5, 0/34 (35) HPs)
             Began as an Octopode Shapeshifter on July 28, 2023.
             Slain by a frilled lizard (2 damage)
             ... on level 3 of the Dungeon.
             The game lasted 00:03:58 (1888 turns).

Gelion the Changeling (Octopode Shapeshifter)       Turns: 1888, Time: 00:03:59

HP:   0/34 (35)     AC:  1    Str: 14    XL:     5   Next: 17%
MP:   14/14         EV: 13    Int: 14    God:
Gold: 123           SH:  0    Dex: 15    Spells: 4/4 levels left

rFire   + . .        i - +8 falchion "Fimo Luph" {flame, *Noise rF+ rC+ Int+4}
rCold   + . .        (no shield)
rNeg    . . .        (helmet currently unavailable)
rPois   .            (no amulet)
rElec   .            f - ring of magical power
rCorr   .            (no ring)
SInv    .            (no ring)
Will    .....        (no ring)
Stlth   ++           (no ring)
HPRegen 0.25/turn    (no ring)
MPRegen 0.14/turn    (no ring)
                     (no ring)

%: no passive effects
@: beast-form, lightly drained
A: beast (slay +2), almost no armour, amphibious, 8 rings, camouflage 1,
gelatinous body 1, (nimble swimmer 1), tentacles
a: Begin Untransformation


You were on level 3 of the Dungeon.
You were a hulking beast.
You visited 1 branch of the dungeon, and saw 3 of its levels.

You collected 123 gold pieces.

Inventory:

Hand Weapons
 i - the +8 falchion "Fimo Luph" (weapon) {flame, *Noise rF+ rC+ Int+4}
   (You found it on level 2 of the Dungeon)

   Int:       It affects your intelligence (+4).
   rF:        It protects you from fire.
   rC:        It protects you from cold.
   *Noise:    It may make noises in combat.
Jewellery
 f - a ring of magical power (left tentacle)
Talismans
 b - a beast talisman
Scrolls
 e - a scroll of immolation
Potions
 a - 2 potions of lignification
 c - a potion of attraction {unknown}
 d - 2 potions of curing


   Skills:
 + Level 2.4 Fighting
 - Level 2.0 Dodging
 + Level 3.8 Unarmed Combat
 * Level 4.1 Shapeshifting


You had 4 spell levels left.
You didn't know any spells.
Your spell library was empty.

Dungeon Overview and Level Annotations

Branches:
Dungeon (3/15)

Altars:
Elyvilon
Nemelex Xobeh


Innate Abilities, Weirdness & Mutations

You are a hulking beast.
Your limbs bulge with bestial killing power. (Slay +2)
You cannot wear most types of armour.
You are amphibious.
You can wear up to eight rings at the same time.
Your skin changes colour to match your surroundings (Stealth+).
Your rubbery body absorbs attacks. (AC +1, EV +1)
((You are camouflaged when in or above water. (Stealth+)))
You have tentacles for arms and can constrict up to eight enemies at once.


Message History

No target in view!
Found 6 stones.
Found a stone staircase leading down.
A gnoll comes into view. It is wielding a +0 spear.
A gnoll is nearby!
A gnoll comes into view. It is wielding a +0 flail.
A frilled lizard and a hobgoblin come into view.
The frilled lizard hisses angrily.
The hobgoblin shouts!
A gnoll and a kobold come into view.
The gnoll shouts!
The kobold throws a stone.
The stone hits you. The gnoll attacks as you move away!
The gnoll closely misses you.
A quokka comes into view.
A bat comes into view.
The gnoll attacks as you move away! The gnoll barely misses you.
The gnoll attacks as you move away! The gnoll hits you with a +0 flail!
The hobgoblin hits you. The hobgoblin attacks as you move away!
The hobgoblin hits you. The gnoll attacks as you move away!
The gnoll closely misses you. The quokka misses you. The quokka bites you.
The gnoll attacks as you move away! The gnoll hits you with a +0 flail.
You slash the gnoll! You burn the gnoll.
You kill the gnoll!
The hobgoblin hits you.
* * * LOW HITPOINT WARNING * * *
The gnoll hits you from afar with a +0 spear.
* * * LOW HITPOINT WARNING * * *
The hobgoblin attacks as you move away! The hobgoblin closely misses you.
The hobgoblin attacks as you move away! The hobgoblin closely misses you.
You open the door. The hobgoblin closely misses you.
There is an open door here.
You slash the hobgoblin! You burn the hobgoblin.
You kill the hobgoblin!
The gnoll hits you from afar with a +0 spear.
* * * LOW HITPOINT WARNING * * *
The quokka barely misses you. The quokka closely misses you.
The frilled lizard attacks as you move away!
The frilled lizard bites you.
You die...

#####.....##......
#...#.........)... .....
##...##............ .....
#+###.....#............
......#.........#............
......#.........#............
......#......................
........##...............)...
........K'grh................
..#...#.##.l.....#########...
....... +.g...............##..)
....#....#.#...............##...
..#.....##)##..............##...
...>....Kg.................####
.....Kg.<.###..............####
.####............................
.............#.......####........


You could see 2 gnolls, a quokka, a kobold and a frilled lizard.

Vanquished Creatures
  Robin (D:3)
  2 gnolls
  2 adders
  A worm (D:2)
  A dart slug (D:1)
  An orc (D:3)
  6 bats
  5 endoplasms
  3 giant cockroaches (D:2)
  14 goblins
  8 hobgoblins
  6 jackals (D:2)
  4 kobolds
  4 quokkas
  6 ball pythons
  3 frilled lizards
  4 rats
71 creatures vanquished.

Vanquished Creatures (others)
  A butterfly (D:3)
1 creature vanquished.

Grand Total: 72 creatures vanquished

Notes
Turn   | Place    | Note
-------+----------+-------------------------------------------
     0 | D:1      | Gelion the Octopode Shapeshifter began the quest for the
                  | Orb.
     0 | D:1      | Reached XP level 1. HP: 13/13 MP: 1/1
    90 | D:1      | Reached XP level 2. HP: 17/18 MP: 2/2
   369 | D:1      | Reached XP level 3. HP: 23/23 MP: 3/3
   894 | D:2      | Reached XP level 4. HP: 27/29 MP: 4/4
  1111 | D:2      | Identified the +8 falchion "Fimo Luph" {flame, *Noise rF+
                  | rC+ Int+4}
  1408 | D:3      | Found a white marble altar of Elyvilon.
  1492 | D:3      | Noticed Robin
  1568 | D:3      | Reached skill level 4 in Shapeshifting
  1594 | D:3      | Killed Robin
  1595 | D:3      | Reached XP level 5. HP: 13/32 MP: 5/5
  1712 | D:3      | Found a sparkling altar of Nemelex Xobeh.
  1888 | D:3      | Slain by a frilled lizard

Illustrated notes

Levels and vault maps discovered:
D:1:      wander_arrival_peaceful_grave, layout_loops_ring
D:2:      layout_loops_cross, serial_bayou_pond_a
D:3:      layout_basic, nemelex_xobeh_ov_fountains_minmay,
          beargit_hepliaklqana_dungeon_heroes, nicolae_elyvilon_peaceful_grove,
          uniq_robin, uniq_jessica

Skill      XL: |  1  2  3  4 |
---------------+-------------+-----
Fighting       | 2 |  2.4
Shapeshifting  | 4 |  4.1
Dodging        | |  2.0
Unarmed Combat | |  3.8

Action                     |  1- 3 |  4- 6 || total
---------------------------+-------+-------++-------
  Melee: Unarmed           |    53 |    15 ||    68
         Constrict         |    14 |    12 ||    26
         Tentacles         |     9 |     6 ||    15
         Punch             |     2 |     1 ||     3
         Falchion          |       |    32 ||    32
    Use: Scroll            |     1 |     3 ||     4
   Stab: Sleeping          |     4 |     3 ||     7
 Armour: Skin              |     3 |     1 ||     4
  Dodge: Dodged            |    37 |    33 ||    70

Table legend: (Time is in decaauts)
 A = Elapsed time spent in this place.
 B = Non-inter-level travel time spent in this place.
 C = Inter-level travel time spent in this place.
 D = Time resting spent in this place.
 E = Time spent auto-exploring this place.
 F = Levels seen in this place.
 G = Mean time per level.
                   A        B        C        D        E       F      G
               +--------+--------+--------+--------+--------+-----+--------+
         Total |   1891 |   1862 |     29 |      0 |   1425 |   3 |  630.3 |
       Dungeon |   1891 |   1862 |     29 |      0 |   1425 |   3 |  630.3 |
               +--------+--------+--------+--------+--------+-----+--------+

Top non-repeatable levels by time:
     D:1: 689 daAuts
     D:2: 658 daAuts
     D:3: 544 daAuts
